 Dungeon Crawl Stone Soup version 0.22-a0-247-gbddf880 (webtiles) character file.

2 ryw the Skirmisher (level 1, -3/17 HPs)
             Began as a Demigod Wanderer on Feb 27, 2018.
             Slain by a kobold
             ... wielding a +0 dagger
              (4 damage)
             ... on level 1 of the Dungeon.
             The game lasted 00:00:48 (166 turns).

ryw the Skirmisher (Demigod Wanderer)                Turns: 166, Time: 00:00:49

Health: -3/17      AC:  2    Str: 19    XL:     1   Next: 20%
Magic:  4/4        EV: 12    Int: 14    God:
Gold:   6          SH:  0    Dex: 13    Spells: 1/2 levels left

rFire    . . .     SeeInvis .   f - +0 club
rCold    . . .     Gourm    .   (no shield)
rNeg     . . .     Faith    .   c - +0 robe
rPois    .         Spirit   .   (no helmet)
rElec    .         Reflect  .   (no cloak)
rCorr    .         Harm     .   (no gloves)
MR       .....                  (no boots)
Stlth    ++........             k - amulet of inaccuracy (curse)
HPRegen  0.05/turn              (no ring)
MPRegen  0.09/turn              (no ring)

@: no status effects
A: high mp 1
a: no special abilities


You were on level 1 of the Dungeon.
You were not hungry.

You visited 1 branch of the dungeon, and saw 2 of its levels.

You collected 6 gold pieces.

Inventory:

Hand Weapons
 f - a +0 club (weapon)
 g - a +0 dagger
Missiles
 h - 9 poisoned needles
 i - 2 needles of paralysis
Armour
 c - a +0 robe (worn)
Jewellery
 k - a cursed amulet of inaccuracy (around neck)
   (You found it on level 1 of the Dungeon)
Wands
 d - a wand of random effects (15)
Scrolls
 a - a scroll of fear
Potions
 b - a potion of heal wounds {@q2}
Comestibles
 e - a ration
 j - 3 chunks of flesh


   Skills:
 + Level 2.0 Fighting
 - Level 1.0 Dodging
 - Level 1.7 Stealth
 - Level 1.0 Unarmed Combat
 - Level 1.0 Spellcasting
   Level 1.7 Air Magic
 - Level 1.0 Evocations


You had one spell level left.
You knew the following spells:

 Your Spells              Type           Power        Failure   Level  Hunger
a - Sandblast             Erth           #.....       26%         1    ##.....


Dungeon Overview and Level Annotations

Branches:
Dungeon (2/15)


Innate Abilities, Weirdness & Mutations

You have an increased reservoir of magic. (+10% MP)


Message History

The bat barely misses you.
You miss the bat.
The bat closely misses you. x2; The bat barely misses you.
You hit the bat.
You kill the bat!
You see here a bat corpse.
You butcher the bat corpse.
j - a chunk of flesh A rat comes into view.
A bat comes into view.
The rat bites you.
You hit the rat.
You kill the rat!
The bat hits you but does no damage.
You hit the bat.
You kill the bat!
Your Fighting skill increases to level 2!
You butcher the bat corpse.
j - 2 chunks of flesh (gained 1)
You butcher the rat corpse.
j - 3 chunks of flesh (gained 1)
Found a small cabochon amulet.
k - a small cabochon amulet Oops, that amulet feels deathly cold.
k - a cursed amulet of inaccuracy (around neck) Unknown command.
Okay, then.
A jackal comes into view.
A jackal comes into view.
Found a stone staircase leading down.
A jackal and a kobold come into view.
You closely miss the jackal.
The jackal barks! x2
The jackal misses you.
A jackal comes into view.
You hit the jackal but do no damage. The jackal barely misses you.
The kobold hits you with a dagger. The jackal bites you. x2
The jackal barely misses you. The jackal closely misses you.
The kobold hits you with a dagger.
* * * LOW HITPOINT WARNING * * *
The jackal bites you.
* * * LOW HITPOINT WARNING * * *
The jackal bites you.
* * * LOW HITPOINT WARNING * * *
A frilled lizard comes into view.
The jackal closely misses you. The jackal bites you.
* * * LOW HITPOINT WARNING * * *
The kobold barely misses you. The jackal bites you.
* * * LOW HITPOINT WARNING * * *
The kobold hits you with a dagger.
You die...

#######.# #.# .... .#
#.# #.. .# ##'## #l. #.#
##...# # #.. ..# ##.....
#.#.##..## #......
#.###.#.....>####.......
........Kh......+.......
#..@hh...# #.......
#####h#.## ##...... #.#
# ##..... #.# ##...# #.#
##+# #.# #.## #.# #...
#.# ##..#
#.##########...#


You could see 4 jackals, a kobold and a frilled lizard (wandering).

Vanquished Creatures
  2 bats (D:1)
  A rat (D:1)
3 creatures vanquished.

Notes
Turn   | Place    | Note
-------+----------+-------------------------------------------
     0 | D:1      | ryw the Demigod Wanderer began the quest for the Orb.
     0 | D:1      | ryw set off with: a scroll of fear, a potion of heal wounds {@q2}, a +0 robe, a wand of random effects (15), a ration, a +0 club, a +0 dagger
     0 | D:1      | Reached XP level 1. HP: 17/17 MP: 4/4
     2 | D:1      | Learned a level 1 spell: Sandblast
    39 | D:1      | You fall through a shaft!
   102 | D:1      | Reached skill level 2 in Fighting
   166 | D:1      | Slain by a kobold

Vault maps used:
D:1:      matt_arrival_spirals
D:2:      kiku_gazebo_pond_becter, chequers_ecumenical_altar_simple,
          first_ration

Skill      XL: |  1 |
---------------+----+-----
Fighting       | 2 |  2.0
Dodging        | |  1.0
Stealth        | |  1.7
Unarmed Combat | |  1.0
Spellcasting   | |  1.0
Air Magic      | |  1.7
Evocations     | |  1.0

Action                   || total
-------------------------++-------
Melee: Club              ||     7
Armor: Robe              ||     2
Dodge: Dodged            ||    12

Table legend:
 A = Spawn XP
 B = Non-spawn XP
 C = Spawn XP percentage of total XP
 D = Spawn monster count
 E = Non-spawn monster count
 F = Spawn count percentage of total count
 G = Total turns spent on level
                    A         B        C        D         E        F      G
               +---------+---------+-------+---------+---------+-------+---------
         Total |       0 |       3 |   0.0 |       0 |       3 |   0.0 |   166
               +---------+---------+-------+---------+---------+-------+---------
           D:1 |       0 |       3 |   0.0 |       0 |       3 |   0.0 |   140
               +---------+---------+-------+---------+---------+-------+---------
